 Dungeon Crawl Stone Soup version 0.18.1-1-g2f07953 (webtiles) character file.

29266 kspaans the Severer (level 13, -11/122 HPs)
             Began as a Minotaur Berserker on May 11, 2016.
             Was a High Priest of Trog.
             Killed from afar by an electric eel (16 damage)
             ... with a bolt of electricity
             ... on level 4 of the Lair of Beasts.
             The game lasted 02:31:54 (16732 turns).

kspaans the Severer (Minotaur Berserker)           Turns: 16732, Time: 02:31:55

Health: -11/122    AC: 25    Str: 28    XL:     13   Next: 14%
Magic:  4/4        EV: 12    Int:  4    God:    Trog [*****.]
Gold:   953        SH:  0    Dex: 14    Spells: 0 memorised, 12 levels left

rFire  . . .     SeeInvis .     a - +4 battleaxe (antimagic)
rCold  + . .     Gourm    +     n - +7 chain mail {rC+}
rNeg   . . .     Faith    .     (shield currently unavailable)
rPois  .         Spirit   .     (helmet restricted)
rElec  .         Dismiss  .     w - +2 cloak
rCorr  .         Reflect  .     I - +0 pair of gloves
SustAt .         Harm     .     (no boots)
MR     +....                    l - amulet of the gourmand
Stlth  ..........               r - ring of stealth
                                p - ring of protection from magic

@: mighty, somewhat resistant to hostile enchantments, extremely unstealthy
A: retaliatory headbutt, horns 2
a: Berserk, Trog's Hand, Brothers in Arms, Burn Spellbooks, Renounce Religion


You were on level 4 of the Lair of Beasts.
You worshipped Trog.
Trog was extremely pleased with you.
You were full.

You visited 3 branches of the dungeon, and saw 17 of its levels.
You also visited: Ossuary.

You collected 953 gold pieces.

Inventory:

Hand Weapons
 a - a +4 antimagic battleaxe (weapon)
 s - a +6 war axe
 x - a +1 mace of venom
 y - a +2 shortbow of evasion
 D - a +2 flail
 F - a +3 mace
 H - a +2 halberd of venom
 N - a +2 hand axe of flaming
 V - a +1 battleaxe of electrocution
Missiles
 A - 229 arrows
Armour
 n - a +7 chain mail of cold resistance (worn)
 w - a +2 cloak (worn)
 I - a +0 pair of gloves (worn)
 Z - a +1 shield
Jewellery
 b - an uncursed amulet of guardian spirit
 j - the ring of Zirym {Ice rN+}
   (You found it on level 4 of the Dungeon)

   [ring of ice]

   It enhances your ice magic, and weakens your fire magic.
   It makes you vulnerable to fire.
   It protects you from cold.
   It protects you from negative energy.
 k - an uncursed ring of protection from magic
 l - an amulet of the gourmand (around neck)
 o - an uncursed ring of fire
 p - a ring of protection from magic (left hand)
 r - a ring of stealth (right hand)
 O - an uncursed ring of wizardry {unknown}
Wands
 t - a wand of slowing (31/48)
 C - a wand of confusion (16/48)
 G - a wand of hasting (2/9)
 K - a wand of slowing (29/48)
 M - a wand of iceblast (4/15)
 Q - a wand of lightning (10/15)
 U - a wand of flame (37/48)
 Y - a wand of confusion (27/48)
Scrolls
 f - 2 scrolls of remove curse
 m - 2 scrolls of teleportation
 L - 2 scrolls of recharging
 R - a scroll of fog
 T - a scroll of identify
Potions
 e - 2 potions of agility
 g - a potion of cancellation
 i - 3 potions of curing
 q - a potion of beneficial mutation {unknown}
 v - a potion of flight
 z - 2 potions of magic
 P - 2 potions of lignification {unknown}
 S - a potion of ambrosia {unknown}
 X - a potion of brilliance {unknown}
Comestibles
 c - 8 bread rations
 d - 8 meat rations
 u - 3 beef jerkies
 B - 3 slices of pizza
 E - 23 fruits


   Skills:
 * Level 13.5 Fighting
 * Level 16.3 Axes
 * Level 14.0 Armour
 + Level 5.9 Dodging
 + Level 1.5 Stealth
 + Level 2.0 Shields


You had 12 spell levels left.
You didn't know any spells.

Dungeon Overview and Level Annotations

Branches:
Dungeon (12/15)            Temple (0/1) D:4            Lair (4/8) D:10
 Spider (0/4) Lair:3          Orc (1/2) D:11
  Swamp: Lair:3-6    Shoals: Lair:3-6

Altars:
Elyvilon
Fedhas
Gozag
Kikubaaqudgha
Okawaru
Pakellas
Qazlal
Ru
Trog
Xom
Zin
The Shining One

Shops:
D:8 (   D:10 }


Innate Abilities, Weirdness & Mutations

You reflexively headbutt those who attack you in melee.
You have a pair of horns on your head.


Message History

The death yak is severely wounded.
You slice the death yak!!
The death yak is heavily wounded.
The death yak gores you!
* * * LOW HITPOINT WARNING * * *
Read which item? (? for menu, Esc to quit)
Okay, then.
Drink which item? (? for menu, Esc to quit)
Okay, then.
A water moccasin comes into view.
The water moccasin hisses angrily.
An electric eel comes into view.
The water moccasin bites you but does no damage.
The water moccasin barely misses you. You furiously retaliate!
You headbutt the water moccasin!
The death yak gores you but does no damage.
The water moccasin closely misses you.
The electric eel shoots out a bolt of lightning at you!
The bolt of electricity hits the plant. x2; The bolt of electricity hits you!
You die...

..P.P####.....#...
....†........#.......≈P≈≈
.....#..........##..≈P≈;≈
P...##..........##...≈P≈P
..PP###........##....P≈≈≈
##### #........##....≈≈PP
# . ##.#.....##....≈PP≈ >
... #.##.P...S....≈≈≈≈ ..
....##.####.#@...≈≈≈PP
..........##..##Y...≈≈≈≈≈
#†......Y...##P##
#####.#.##..# ##### .....
##.P# ###


You could see 2 death yaks, a water moccasin and an electric eel.

Vanquished Creatures
  A crystal guardian (D:12)
  2 hydras
  A centaur warrior (D:12)
  3 death yaks (Lair:4)
  A queen ant (D:9)
  2 unseen horrors
  A hill giant (D:11)
  An ugly thing (D:12)
  A cyclops (D:11)
  A deep elf mage (D:11)
  4 elephants (Lair:4)
  A black mamba (Lair:3)
  Joseph (D:8)
  5 spiny frogs
  4 komodo dragons
  A rime drake (Lair:3)
  A troll (D:11)
  The ghost of tijit the Magician, a novice DECj of Vehumet (D:4)
  2 redbacks (Lair:3)
  16 yaks
  A basilisk (Lair:3)
  The ghost of Zargon the Ruffian, an amateur VSAE (D:6)
  8 hippogriffs
  Menkaure (D:6)
  15 soldier ants (D:9)
  9 water moccasins
  9 porcupines
  2 orc warriors (D:7)
  A sky beast (D:6)
  9 ice beasts
  2 phantoms
  2 black bears
  3 ogres
  A wolf (Lair:1)
  7 centaurs
  5 crocodiles
  An elf zombie (Ossuary)
  6 big kobolds
  8 giant frogs
  Blork the orc (D:5)
  3 scorpions
  12 killer bees
  8 wights
  A howler monkey (D:5)
  6 crimson imps
  3 giant frog zombies
  A quasit (D:11)
  A centaur zombie (Ossuary)
  3 orc priests
  A human zombie (Ossuary)
  4 hounds
  2 jellies
  6 orc wizards
  4 iguanas
  39 worker ants
  6 sheep (Lair:4)
  2 big kobold zombies (Ossuary)
  A hound skeleton (D:6)
  2 mummies (Ossuary)
  11 gnolls (D:4)
  18 adders
  33 river rats
  4 shadow imps
  An ooze (D:2)
  4 adder zombies
  An adder skeleton (D:6)
  3 worms
  2 dart slugs
  3 giant geckos
  32 orcs
  4 giant cockroaches
  6 goblins
  3 hobgoblins
  11 jackals
  4 quokkas
  9 bats
  4 giant newts
  3 goblin zombies
  11 hobgoblin zombies (Ossuary)
  A jackal zombie (Ossuary)
  10 kobolds
  11 kobold zombies (Ossuary)
  6 orc zombies (Ossuary)
  6 rats
  2 fungi
  2 plants (Lair:3)
452 creatures vanquished.

Vanquished Creatures (collateral kills)
  A sphinx (D:12)
  An orc wizard (D:9)
  2 orcs (D:9)
4 creatures vanquished.

Vanquished Creatures (others)
  4 fungi (Lair:3)
  2 plants
6 creatures vanquished.

Grand Total: 462 creatures vanquished

Notes
Turn   | Place    | Note
--------------------------------------------------------------
     0 | D:1      | kspaans the Minotaur Berserker began the quest for the Orb.
     0 | D:1      | Reached XP level 1. HP: 19/19 MP: 0/0
   447 | D:1      | Reached XP level 2. HP: 27/27 MP: 1/1
   660 | D:2      | Found an opulent altar of Gozag.
   688 | D:2      | Reached skill level 4 in Axes
   746 | D:2      | Reached XP level 3. HP: 34/34 MP: 2/2
   748 | D:2      | Reached ** piety under Trog
   882 | D:2      | Found a blossoming altar of Fedhas.
  1087 | D:2      | Found a white marble altar of Elyvilon.
  1516 | D:3      | Reached XP level 4. HP: 41/41 MP: 3/3
  1614 | D:3      | Found an ancient bone altar of Kikubaaqudgha.
  1674 | D:3      | Found a glowing silver altar of Zin.
  1777 | D:3      | Reached skill level 5 in Fighting
  1777 | D:3      | Reached skill level 5 in Axes
  1777 | D:3      | Reached XP level 5. HP: 47/48 MP: 4/4
  2255 | D:3      | Reached *** piety under Trog
  2408 | D:4      | Noticed tijit's ghost (novice DECj)
  2416 | D:4      | Killed tijit's ghost
  2416 | D:4      | Reached skill level 6 in Axes
  2416 | D:4      | Reached XP level 6. HP: 57/57 MP: 5/5
  2442 | D:4      | Reached skill level 5 in Armour
  2442 | D:4      | Reached XP level 7. HP: 59/62 MP: 6/6
  2519 | D:4      | Reached skill level 1 in Stealth
  2923 | D:4      | Reached skill level 7 in Axes
  3015 | D:4      | Found a staircase to the Ecumenical Temple.
  3174 | D:4      | Got a brightly glowing jade ring
  3177 | D:4      | Identified the ring of Zirym {Ice rN+} (You found it on level 4 of the Dungeon)
  3186 | D:5      | Entered Level 5 of the Dungeon
  3209 | D:5      | Noticed Blork the orc
  3221 | D:5      | Killed Blork the orc
  3225 | D:5      | Reached XP level 8. HP: 71/71 MP: 7/7
  3233 | D:5      | Reached **** piety under Trog
  3374 | D:5      | Found an iron altar of Okawaru.
  3729 | D:6      | Noticed Menkaure
  3734 | D:6      | Killed Menkaure
  4048 | D:6      | Reached skill level 8 in Axes
  4189 | D:6      | Found a sand-covered staircase.
  4214 | Ossuary  | Entered an ossuary
  4741 | D:6      | Reached skill level 9 in Axes
  4828 | D:6      | Reached XP level 9. HP: 81/81 MP: 8/8
  4892 | D:6      | Noticed Zargon's ghost (amateur VSAE)
  4899 | D:6      | Killed Zargon's ghost
  4953 | D:6      | Found a shimmering altar of Xom.
  5114 | D:6      | Got a shimmering robe
  5712 | D:7      | Reached skill level 10 in Axes
  6140 | D:7      | Identified the cursed +0 robe "Biwnil" {rF+} (You found it on level 6 of the Dungeon)
  6353 | D:7      | Reached ***** piety under Trog
  6394 | D:7      | Killed an unseen horror
  6394 | D:7      | Reached skill level 10 in Armour
  6394 | D:7      | Reached XP level 10. HP: 65/92 MP: 9/9
  6697 | D:7      | Found a glowing golden altar of the Shining One.
  6914 | D:7      | Reached skill level 11 in Axes
  6975 | D:7      | Found a sacrificial altar of Ru.
  7095 | D:8      | Received a gift from Trog
  7133 | D:8      | Found an oddly glowing altar of Pakellas.
  7147 | D:8      | You fall through a shaft for 2 floors!
  7147 | D:10     | Entered Level 10 of the Dungeon
  7420 | D:8      | Noticed Joseph
  7428 | D:8      | Killed Joseph
  7428 | D:8      | Reached skill level 10 in Fighting
  7430 | D:8      | Found a bloodstained altar of Trog.
  7548 | D:8      | Found Zeax's Weapon Boutique.
  8161 | D:9      | Noticed a queen ant
  8164 | D:9      | Reached skill level 12 in Axes
  8175 | D:9      | Killed a queen ant
  8231 | D:9      | Reached XP level 11. HP: 70/102 MP: 3/10
  8589 | D:9      | Found a stormy altar of Qazlal.
  9106 | D:9      | Received a gift from Trog
  9221 | D:10     | Found a staircase to the Lair.
  9744 | D:10     | You fall through a shaft for 2 floors!
  9744 | D:12     | Noticed a centaur warrior
  9744 | D:12     | Noticed a yaktaur captain
  9744 | D:12     | Noticed a crystal guardian
  9744 | D:12     | Noticed an orc warlord
  9744 | D:12     | Noticed a sphinx
  9794 | D:12     | Noticed a centaur warrior
  9806 | D:12     | Killed a centaur warrior
  9806 | D:12     | Reached skill level 13 in Axes
  9812 | D:12     | Killed a crystal guardian
 10000 | D:12     | Killed a sphinx
 10334 | D:12     | Found a frozen archway.
 10339 | D:12     | Reached skill level 5 in Dodging
 10463 | D:12     | Noticed a purple ugly thing
 10475 | D:12     | Killed a purple ugly thing
 10628 | D:11     | Noticed a hill giant
 10641 | D:11     | Killed a hill giant
 10676 | D:11     | Reached skill level 14 in Axes
 10892 | D:10     | Killed an unseen horror
 11036 | D:10     | Found Wakhip's Gadget Emporium.
 11213 | D:11     | Reached XP level 12. HP: 97/113 MP: 3/11
 11301 | D:11     | Noticed a four-headed hydra
 11381 | D:11     | Killed a two-headed hydra
 11816 | D:11     | Found a staircase to the Orcish Mines.
 11825 | Orc:1    | Entered Level 1 of the Orcish Mines
 12600 | Lair:1   | Entered Level 1 of the Lair of Beasts
 13110 | Lair:1   | Noticed a four-headed hydra
 13150 | Lair:1   | Received a gift from Trog
 13160 | Lair:1   | Killed a one-headed hydra
 13766 | Lair:1   | Reached skill level 15 in Axes
 13777 | Lair:1   | Reached skill level 1 in Shields
 14138 | Lair:2   | Got a distressingly furry buckler
 14246 | Lair:2   | Received a gift from Trog
 14767 | Lair:3   | Found a hole to the Spider Nest.
 15724 | Lair:3   | Received a gift from Trog
 16587 | Lair:4   | Reached XP level 13. HP: 122/122 MP: 4/12
 16590 | Lair:4   | Reached skill level 16 in Axes
 16724 | Lair:4   | HP: 2/122 [death yak (7)]
 16732 | Lair:4   | Killed from afar by an electric eel

Skill      XL: |  1  2  3  4  5  6  7  8  9 10 11 12 13 |
---------------+----------------------------------------+-----
Fighting       | 4 5 6 8 9 11 12 13 | 13.5
Axes           | 4 5 6 7 9 10 12 14 15 16 | 16.3
Armour         | 3 4 5 6 8 10 11 12 13 14 | 14.0
Dodging        | 3 4 5 |  5.9
Stealth        | 1 |  1.5
Shields        | 2 |  2.0

Action                   |  1- 3 |  4- 6 |  7- 9 | 10-12 | 13-15 || total
-------------------------+-------+-------+-------+-------+-------++-------
Melee: Hand axe          |    69 |    44 |       |   230 |       ||   343
       Headbutt          |     7 |    11 |    81 |   156 |    11 ||   266
       War axe           |       |    17 |   334 |    37 |       ||   388
       Battleaxe         |       |       |       |   393 |    37 ||   430
Invok: Berserk           |       |     1 |     6 |     9 |       ||    16
       Burn Spellbooks   |       |       |     2 |     3 |       ||     5
       Brothers in Arms  |       |       |       |     2 |       ||     2
Evoke: Wand              |       |       |       |     1 |       ||     1
  Use: Scroll            |     3 |     5 |    11 |    20 |       ||    39
       Potion            |       |       |     7 |    11 |     2 ||    20
  Eat: Meat ration       |     1 |       |       |     2 |       ||     3
       Bread ration      |       |     1 |     3 |       |       ||     4
       Chunk             |       |       |     2 |    22 |     6 ||    30
       Fruit             |       |       |     3 |     8 |       ||    11
       Royal jelly       |       |       |       |     1 |       ||     1
Armor: Leather armour    |     4 |       |       |       |       ||     4
       Animal skin       |     1 |       |       |       |       ||     1
       Chain mail        |    23 |    25 |   185 |   449 |    31 ||   713
Dodge: Dodged            |    27 |    34 |   149 |   323 |    18 ||   551
Block: Shield            |       |       |       |    68 |       ||    68
